Cogmind - Beta 15 @@@ ROGUE MODE // 2025.10.18 @ 08:35:13 Player: AussieBBQ Result: Destroyed self Performance ------------- Evolutions (0) 0 Regions Visited (3) 600 Robots Destroyed (16) 80 Value Destroyed (381) 381 Prototype IDs (29) 580 Alien Tech Used (0) 0 Bonus (111) 111 TOTAL SCORE: 1752 Bonus ------- Aligned with FarCom 300 Friendly Fire -189 Cogmind --------- Core Integrity 0/250 Matter 249/300 Energy 79/100 System Corruption 3% Temperature Cool (89) Movement Core (400) Ox7 Location -10/Exiles Parts ------- > --- POWER (1) -------- (None) > --- PROPULSION (2) --- (None) > --- UTILITY (2) ------ Large Storage Unit Insulated Plating > --- WEAPON (2) ------- (None) > --- INVENTORY (15) --- Light Ion Engine Light Treads Aluminum Leg Aluminum Leg High-capacity Matter Pod (200) Improved Terrain Scanner Tractor Beam EM Pulse Gun Small Laser Light Assault Rifle Axe Peak State ------------ > --- POWER ------------ Cold Fusion Reactor > --- PROPULSION ------- Light Treads Light Treads > --- UTILITY ---------- Large Storage Unit System Purifier > --- WEAPON ----------- YOLO Cannon > --- INVENTORY -------- Light Ion Engine Light Treads Aluminum Leg Aluminum Leg High-capacity Matter Pod Improved Terrain Scanner Insulated Plating Tractor Beam EM Pulse Gun Small Laser Light Assault Rifle Axe [Rating: 39] Favorites ----------- Power Light Nuclear Core Engine Light Ion Engine Power Core Light Nuclear Core Reactor Cold Fusion Reactor Propulsion Light Treads Treads Light Treads Leg Aluminum Leg Utility Large Storage Unit Device Improved Heat Sink Storage Large Storage Unit Hackware EX Chip 2 Protection Insulated Plating Weapon Light Assault Rifle Energy Gun Small Laser Energy Cannon YOLO Cannon Ballistic Gun Light Assault Rifle Impact Weapon Hammer Build | -11 -10 -10 -10 ------- Run | Yrd Mat Min Exi Slots Evolved . | . . . . Power . | . . . . Propulsion . | . . . . Utility . | . . . . Weapon . | . . . . Parts Attached 21 | 1 15 . 5 Power 4 | . 3 . 1 Engine 1 | . 1 . . Core 2 | . 2 . . Reactor 1 | . . . 1 Propulsion 4 | . 4 . . Treads 4 | . 4 . . Leg . | . . . . Wheel . | . . . . Hover . | . . . . Flight . | . . . . Utility 8 | 1 4 . 3 Device 3 | 1 1 . 1 Storage 3 | . 3 . . Processor . | . . . . Hackware 1 | . . . 1 Protection 1 | . . . 1 Artifact . | . . . . Weapon 5 | . 4 . 1 Energy Gun 2 | . 2 . . Energy Cannon 1 | . . . 1 Ballistic Gun 1 | . 1 . . Ballistic Cannon . | . . . . Launcher . | . . . . Special Weapon . | . . . . Impact Weapon 1 | . 1 . . Slashing Weapon . | . . . . Piercing Weapon . | . . . . Special Melee Weapon . | . . . . Unidentified Prototypes 2 | . . . 2 Parts Lost 9 | . 3 2 4 Power 2 | . . 1 1 Propulsion 4 | . 2 . 2 Utility . | . . . . Weapon 3 | . 1 1 1 Highest Loss Streak 4 | . 2 1 4 To Critical Strikes . | . . . . Average Backups 9 | 6 8 10 11 Power 1 | 1 1 1 1 Propulsion 3 | 4 3 3 3 Utility 3 | . 2 3 3 Weapon 2 | 1 1 2 3 Tool/Special . | . . . . Unused Backups 13 | 6 3 . 4 Power 1 | 1 . . . Propulsion 5 | 2 2 . 1 Utility 2 | 1 . . 1 Weapon 5 | 2 1 . 2 Tool/Special . | . . . . Average Slot Usage (%) 92 | . 93 99 77 Engine 1 | . 3 . . Core 11 | . 10 14 11 Treads 27 | . 26 28 28 Device 8 | . 4 14 12 Storage 16 | . 18 14 14 Energy Gun 11 | . 14 13 . Energy Cannon 1 | . . . 6 Ballistic Gun 10 | . 13 14 . Peak Build Rating 39 | 7 12 13 39 Average Rating 12 | 6 9 12 20 On Entrance 9 | 6 7 12 12 Naked Turns . | . . . . Heaviest Build 54 | 12 32 29 54 Greatest Support 40 | 20 40 40 40 Greatest Overweight (x) 1 | . . . 1 Average Overweight (x) . | . . . . Largest Inventory Capacity 15 | 8 15 15 15 Average Capacity 13 | 8 12 15 15 Most Carried 12 | 7 12 12 12 Average Carried 9 | 6 8 10 11 Final Capacity 15 | 8 15 15 15 Final Carried 11 | 7 10 10 11 Class Distribution -------------------- 100% | Mutant Dominant Class ---------------- Mutant | -10/Materials Mutant | -10/Mines Mutant | -10/Exiles Resources | -11 -10 -10 -10 ----------- Run | Yrd Mat Min Exi Matter Collected 675 | 217 246 199 13 Remotely 11 | 11 . . . Salvage Created 715 | 139 500 . 76 Parts 32 | 8 23 . 1 Haulers Intercepted 1 | . 1 . . Recyclers Shooed . | . . . . Parts Field Recycled . | . . . . Retrieved Matter . | . . . . Parts Self-Destructed . | . . . . Prevented . | . . . . Kills | -11 -10 -10 -10 ------- Run | Yrd Mat Min Exi Combat Hostiles Destroyed 13 | . 9 . 4 Guns 9 | . 9 . . Cannons 1 | . . . 1 AOE 3 | . . . 3 Classes Destroyed 6 | 2 3 . 1 Worker 1 | . 1 . . Tunneler 2 | 2 . . . Hauler 1 | . 1 . . Recycler 1 | 1 . . . Grunt 11 | . 9 . 2 Assembled 4 | . . . 4 Best Kill Streak 4 | 2 3 . 4 Combat Bots Only 4 | . 3 . 4 Max Kills in Single Turn 6 | 1 1 . 6 Gunslinging . | . . . . Exploded 3 | . . . 3 Melee . | . . . . Uniques/NPCs Destroyed 1 | . . . 1 EX-BIN (-10/Exiles) Combat | -11 -10 -10 -10 -------- Run | Yrd Mat Min Exi Hostile Shots Fired 112 | . 70 11 31 Missed 25 | . 15 3 7 Hits 87 | . 55 8 24 Melee 3 | . . 3 . Projectile 84 | . 55 5 24 Critical Strikes 12 | . 1 . 11 Damage Taken 1395 | . 725 189 481 Core 307 | . 141 32 134 Absorbed by Shields . | . . . . Core Remaining (%) 100 | 100 . . . Volleys Fired 84 | 7 55 9 13 Largest 2 | 2 2 2 1 Hottest 100 | 70 70 60 100 Shots Fired 137 | 14 97 14 12 Gun 125 | 14 97 14 . Cannon 12 | . . . 12 Launcher . | . . . . Special . | . . . . Kinetic 58 | 7 42 9 . Thermal 63 | 7 40 4 12 Explosive . | . . . . Electromagnetic 16 | . 15 1 . Robot Hit Streak 13 | 4 13 2 7 Robot Miss Streak 4 | 3 4 2 1 Penetration Max . | . . . . Secondary Targets 1 | . 1 . . Max Gunslinging Chain 1 | . 1 . . Shots Hit Robots 86 | 9 63 6 8 Core Hits 41 | 4 29 2 6 Critical Kills . | . . . . Critical Parts Destroyed . | . . . . Critical Strikes . | . . . . Melee Attacks 8 | . 8 . . Impact 8 | . 8 . . Slashing . | . . . . Piercing . | . . . . Sneak Attacks . | . . . . Combat Hostiles . | . . . . Follow-up Attacks . | . . . . Damage Inflicted 1487 | 94 724 48 621 Guns 866 | 94 724 48 . Cannons 171 | . . . 171 Explosions 450 | . . . 450 Melee . | . . . . Ramming . | . . . . Kinetic 348 | 42 258 48 . Thermal 1024 | 52 351 . 621 Explosive . | . . . . Electromagnetic 115 | . 115 . . Impact . | . . . . Slashing . | . . . . Piercing . | . . . . Highest Corruption 4 | . 3 4 4 Average Corruption 3 | . 2 3 3 Corruption Purged 1 | . . . 1 Corruption Blocked . | . . . . Effects 27 | . 8 13 6 Message Errors 9 | . 2 4 3 Matter Fused 8 | . 2 5 1 Energy Discharges 3 | . 1 2 . Data Loss (minor) 5 | . 2 1 2 Misfires 1 | . . 1 . Weapon Failures 1 | . 1 . . Overload Shots . | . . . . Overflow Damage 37 | . . . 37 Projectiles . | . . . . Explosions 37 | . . . 37 Melee . | . . . . Knockbacks . | . . . . Impact . | . . . . Kinetic . | . . . . Secondary . | . . . . Self-Inflicted Damage 86 | . . . 86 Shots 1 | . . . 1 Rammed . | . . . . Targets Rammed . | . . . . Kicked . | . . . . Crushed . | . . . . Highest Temperature 332 | 100 332 18 77 Average Temperature 106 | 46 125 13 34 Received Heat Transfer 466 | . 426 40 . Effects 2 | . 2 . . Energy Bleed 1 | . 1 . . Interference 1 | . 1 . . Siege Activations . | . . . . Martial Activations . | . . . . Shielding Activations . | . . . . Robots Disrupted . | . . . . Combat Hostiles . | . . . . Robots Corrupted . | . . . . Combat Hostiles . | . . . . Parts Fried . | . . . . Impact Corruptions . | . . . . Robots Melted . | . . . . Combat Hostiles . | . . . . Parts Melted 1 | . . . 1 Heat Transferred 1833 | 148 905 . 780 Parts Sabotaged . | . . . . Parts Stolen . | . . . . Parts Stripped . | . . . . Power Chain Reactions . | . . . . Alert | -11 -10 -10 -10 ------- Run | Yrd Mat Min Exi Maximum Alert Level . | . . . . Low Security (%) 100 | 100 100 100 . Level 1 . | . . . . Level 2 . | . . . . Level 3 . | . . . . Level 4 . | . . . . Level 5 . | . . . . High Security . | . . . . Max Security . | . . . . Peak Influence 70 | 10 70 2 . Initial 2 | . . 2 . Average 8 | . 12 . . Influence Increases 298 | 15 283 . . Destroy 0b10 Robot/C 180 | . 180 . . Destroy 0b10 Robot/NC 25 | 15 10 . . Destroy Leader 52 | . 52 . . Successful Hack 40 | . 40 . . Destroy Structure 1 | . 1 . . Influence Decreases 298 | 15 276 7 . Entered New Map 5 | . . 5 . Time Decay 273 | 15 256 2 . Lost Part 20 | . 20 . . Squads Dispatched 1 | . 1 . . Investigation . | . . . . Extermination . | . . . . Reinforcement 1 | . 1 . . Assault . | . . . . Garrison . | . . . . Intercept . | . . . . Searches Triggered . | . . . . Construction Impeded . | . . . . Haulers Reinforced . | . . . . Active Scanning Responses . | . . . . Cargo Convoy Interrupts . | . . . . Stealth | -11 -10 -10 -10 --------- Run | Yrd Mat Min Exi Distress Signals 1 | . . 1 . Communications Jammed . | . . . . Distress Signals . | . . . . Times Spotted 30 | . 17 5 8 Peak Tracking Total 9 | . 4 4 9 Tactical Retreats . | . . . . Traps | -11 -10 -10 -10 ------- Run | Yrd Mat Min Exi Traps Triggered 3 | . 2 1 . Indirectly . | . . . . Trap Hack Attempts . | . . . . Triggered . | . . . . Disarmed . | . . . . Reprogrammed . | . . . . Reused . | . . . . Traps Extracted . | . . . . Installed . | . . . . Triggered . | . . . . Machines | -11 -10 -10 -10 ---------- Run | Yrd Mat Min Exi Machines Disabled 4 | . . . 4 Max in Single Turn 1 | . . . 1 Machines Repaired . | . . . . Machines Dismantled . | . . . . Machines Sabotaged . | . . . . Overloaded Fab Kills . | . . . . Hacking | -11 -10 -10 -10 --------- Run | Yrd Mat Min Exi Machines Accessed 9 | . 7 1 1 Terminals 7 | . 7 . . Fabricators . | . . . . Repair Stations . | . . . . Recycling Units . | . . . . Scanalyzers . | . . . . Garrison Access . | . . . . Total Hacks 28 | . 26 1 1 Successful 15 | . 13 1 1 Failed 13 | . 13 . . Catastrophic 1 | . 1 . . Database Lockouts . | . . . . Manual 20 | . 19 . 1 Terminals 26 | . 26 . . Fabricators . | . . . . Repair Stations . | . . . . Recycling Units . | . . . . Scanalyzers . | . . . . Garrison Access . | . . . . Terminal Hacks 14 | . 12 1 1 Robot Analysis 5 | . 5 . . Prototype ID Bank 2 | . 2 . . Open Door 1 | . . 1 . Branch Access Points 1 | . 1 . . Terminal Index 1 | . 1 . . Locate Traps 2 | . 2 . . Hauler Manifests 1 | . 1 . . Proto ID Catalog 1 | . . . 1 Fabricator Hacks . | . . . . Repair Station Hacks . | . . . . Recycling Unit Hacks . | . . . . Scanalyzer . | . . . . Garrison Access Hacks . | . . . . Unauthorized Hacks 1 | . 1 . . Terminals 1 | . 1 . . Botnet 1 | . 1 . . Fabricators . | . . . . Repair Stations . | . . . . Recycling Units . | . . . . Scanalyzers . | . . . . Garrison Access . | . . . . Data Cores Recovered . | . . . . Used . | . . . . Hacking Detections 7 | . 7 . . Full Trace Events 2 | . 2 . . Feedback Events . | . . . . Feedback Blocked . | . . . . Robot Schematics Acquired . | . . . . Robots Built . | . . . . Authchips . | . . . . Time . | . . . . Total Robot Build Rating . | . . . . Part Schematics Acquired . | . . . . Parts Built . | . . . . Authchips . | . . . . Time . | . . . . Total Part Build Rating . | . . . . Parts Repaired . | . . . . Time . | . . . . Parts Recycled . | . . . . Recycled Matter . | . . . . Retrieved Matter . | . . . . Retrieved Components . | . . . . Parts Scanalyzed . | . . . . Part Schematics Acquired . | . . . . Parts Damaged . | . . . . Bothacking | -11 -10 -10 -10 ------------ Run | Yrd Mat Min Exi Used RIF Installer . | . . . . Robots Hacked . | . . . . Non-combat . | . . . . Combat . | . . . . Robot Hacks Applied . | . . . . Relay Couplers Released . | . . . . Fabnet Peak Effective % . | . . . . Robots Rewired . | . . . . Allies Hacked . | . . . . Hacks Repelled . | . . . . Allies | -11 -10 -10 -10 -------- Run | Yrd Mat Min Exi Total Allies 3 | . . 3 . Largest Group 3 | . . 3 3 Highest-Rated Group 40 | . . 40 40 Highest-Rated Ally 16 | . . 16 16 Total Orders . | . . . . Ally Attacks 41 | . . 13 28 Total Damage 289 | . . 148 141 Kills 9 | . . 5 4 Allies Corrupted . | . . . . Allies Melted . | . . . . Intel | -11 -10 -10 -10 ------- Run | Yrd Mat Min Exi Active Infowar (turns) . | . . . . Robot Analysis Total 5 | . 5 . . Derelict Logs Recovered 2 | . . 2 . Drone Launches . | . . . . Drone Recoveries . | . . . . Exploration | -11 -10 -10 -10 ------------- Run | Yrd Mat Min Exi Turns Passed 1855 | 64 952 498 341 Spaces Moved 922 | 13 460 296 153 Core . | . . . . Treads 894 | . 445 296 153 Legs 28 | 13 15 . . Wheels . | . . . . Hover . | . . . . Flight . | . . . . Fastest Speed 120 | 120 120 160 160 Average Speed 162 | 120 158 160 180 Slowest Speed 240 | 120 160 160 240 Overloaded Moves . | . . . . Propulsion Burnouts . | . . . . Robots Hopped . | . . . . Potential Cave-ins . | . . . . Cave-ins Triggered . | . . . . Exploration Rate (%) 47 | 3 84 62 40 Regions Visited 3 Branch Regions 2 Pre-discovered Areas . | . . . . Known Exits Taken 1 | . 1 . . Unknown Exits Taken 2 | 1 . 1 . Scrap Searched 1 | . . 1 . Spaces Dug 1 | . 1 . . Terrain Destroyed 26 | . 1 . 25 Melee 1 | . 1 . . Projectile 2 | . . . 2 AOE 23 | . . . 23 Terrain Rammed . | . . . . Walls Destroyed . | . . . . Machines Disabled . | . . . . Actions | -11 -10 -10 -10 --------- Run | Yrd Mat Min Exi Total 1119 | 48 579 310 182 Wait 60 | 27 27 . 6 Move 919 | 12 459 295 153 Hop . | . . . . Pick Up 10 | 1 6 3 . Fast Attach 8 | 1 3 . 4 Attach 8 | . 6 2 . Detach 6 | . 4 . 2 Swap 7 | . 6 . 1 Drop 9 | . 5 1 3 Fire 84 | 7 55 9 13 Melee 8 | . 8 . . Ram . | . . . . Kick . | . . . . Crush . | . . . . Escape Stasis . | . . . . Rewire . | . . . . Trap . | . . . . Miscellaneous . | . . . . Route ------- -11/Scrapyard -10/Materials (discovered 4 exits: [*Mat x2] / *Min / [*Sub]) -10/Mines -10/Exiles (discovered 2 exits: Min x2) History --------- Turn | Location | Event 1 | -11/Scrapyard | Discovered new exit (range 3) 65 | -11/Scrapyard | Entered Materials 321 | -10/Materials | Build established: Mutant 433 | -10/Materials | Discovered new exit (range 7) 619 | -10/Materials | Discovered new exit (range 8) 711 | -10/Materials | Core integrity fell below 50% 732 | -10/Materials | Discovered new exit (range 12) 842 | -10/Materials | Identified exit to Mines 1006 | -10/Materials | Discovered new exit (range 10) 1017 | -10/Materials | Entered Mines 1052 | -10/Mines | Met a Derelict who couldn't figure out how to use a Trap Extractor 1087 | -10/Mines | Assembled infested the area 1092 | -10/Mines | Assisted by a Guerilla fighting off Assembled 1138 | -10/Mines | Assisted by bots powering up and referring to "LRC-V3" 1140 | -10/Mines | Found DCF Scrap (14 items) 1219 | -10/Mines | Learned Materials garrison access intel 1507 | -10/Mines | Deemed a non-threat by the Exiles lab entrance 1509 | -10/Mines | Discovered new exit (range 5) 1515 | -10/Mines | Entered Exiles 1515 | -10/Exiles | Accompanied by 3 allies 1516 | -10/Exiles | Identified exit to Mines 1553 | -10/Exiles | Met 8R-AWN 1584 | -10/Exiles | Met EX-HEX 1630 | -10/Exiles | Met EX-BIN 1649 | -10/Exiles | Aligned with FarCom system 1651 | -10/Exiles | Given EX-Vault access code 1688 | -10/Exiles | Opened EX-Vault 1697 | -10/Exiles | Found YOLO Cannon 1749 | -10/Exiles | Warned to stay clear of 0b10 Research branches 1779 | -10/Exiles | Attacked by the Exiles 1779 | -10/Exiles | Allies destroyed EX-BIN 1810 | -10/Exiles | Found Prototype Device 1810 | -10/Exiles | Identified System Purifier 1849 | -10/Exiles | Core integrity fell below 20% 1856 | -10/Exiles | YOLO Cannon suddenly exploded 1856 | -10/Exiles | Destroyed self Last Messages --------------- 01848_ Penetrated by HV Slug. 01848_ HV Slug penetrates Wall. 01848_ Penetrated by HV Slug. 01848_ HV Slug penetrates Wall. 01850_ HV Slug penetrates Earth. 01850_ Penetrated by HV Slug. 01850_ HV Slug penetrates Wall. 01853_ Wall collapses. 01853_ Penetrated by HV Slug. 01853_ HV Slug penetrates Wall. 01853_ Penetrated by HV Slug. 01853_ HV Slug penetrates Earth. 01855_ Penetrated by HV Slug. 01855_ HV Slug penetrates Earth. 01855_ Penetrated by HV Slug. 01855_ HV Slug penetrates Earth. 01856_ YOLO Cannon suddenly explodes. 01856_ Cold Fusion Reactor destroyed. 01856_ Lgt. Treads destroyed. 01856_ Core damaged (-14). Map ----- +----------------------------------------------------+ | ???????????????## #??????????????????????????? | | ????????????????# #??????????????????????????? | | ????????????????# #???###????????????????????? | | ????????????????# #??"""""???????????????????? | | ????????????????# ## """???????????????????? | | ????????????????# X""???????????????????? | | ????????????????# ## """???????????????????? | | ??????????####??# #??"""""???????????????????? | | ??????????"""""?# #???###????????????????????? | | ?????????"""" ## #??????????????????????????? | | ????????#""X" #??????????????????????????? | | ????????#" #??????????????????????????? | | ????????#" ## #??????????????????????????? | | ????????#""""""?# #?#########?#??????????????? | | ?????????#"###??# #?#"""""" ## ??????????????? | | ????????????????# #?#""""" ; #??????????????? | | ????????????????# ###" ; ???????????????? | | ???????????????## ##; ;#???????????????? | | ???????????????#" ;#???????????????? | | ???????????????#" ;#???????????????? | | ???????????????#" #????????????????? | | ???????????????#" ! ! #????????????????? | | ???????????????#" =% * "#????????????????? | | ???????????????#" * ! ""## ??????????????? | | ???????????????## %% %[ """"??????????????? | | ????????????????# %@ ""###??????????????? | | ????????????????# """""???????????????? | | ????????????????#" #????????????????? | | ????????????????# """"#????????????????? | | ???????????????##" ;######????????????????? | | ??????????????##"" g ?????????????????????? | | ????????????###"" #?????????????????????? | | ???????????"""""" #?????????????????????? | | ??????????"" " #############??????????? | | ?????????""" ####"""""""""##?????????? | | ???????? " " """ """"##????????? | | ?????? "" " #????????? | | ?????? " """#????????? | | ?????? " "#????????? | | ??????? " "##???????? | | ??????? ""###?????? | | ??????? """""" """#?????? | | ???????? ######""" "#????## | | ???????? ""#?????#####""" ##???# | | ??????????"???????????##""" ##?## | | ???????????????????????#"""" ### | | ???????????????????????#"" | | ???????????????????????"""" | | ???????????????????????? | | ???????????????????????? #"" | +----------------------------------------------------+ Best States ------------- Heat Dissipation 39 Energy Generation 17 Energy Capacity 200 Matter Stores 300 Matter Capacity 500 Sight Range 16 Terrain Scan Density 10 Armor Coverage 150 Resistance: EM 15 Evasion (%) 50 Recoil Reduction 2 Defensive Hacking 7 Item Schematics ----------------- None Robot Schematics ------------------ None Fabricated ------------ Nothing Repaired ---------- Nothing Alien Tech Used ----------------- None Achievements -------------- None Challenges ------------ None Game ------ Seed KineticCannonImmobilizer Manual? 0 Play Time 00:15:37 Cumulative 28.8 hours Start 2025.10.18 @ 08:22:08 End 2025.10.18 @ 08:35:13 Sessions 1 Manual Loads 0 Difficulty Rogue Special Mode None Game No. 44 Rogue 44 Adventurer 0 Explorer 0 Win Type - Total 1 Types 1/0/0/0/0/0/0/0/0/0 Lore% 30 Gallery% 34 Achievement% 34 Wizard Run 0 Options --------- Layout 2 ASCII 0 Keyboard 0 Movement Numpad Keybinds 0 Fullscreen 2 Font 24/Smallcaps Map View 50x44 Zoom Use 0% Tactical HUD 1 Map Filters NONE Filters NONE Steam 1 RUN: 7a861d04-236e-437f-b9e9-7f159ec342da